 Dungeon Crawl Stone Soup version 0.30.1-4-g462c640d31 (webtiles) character file.

Game seed: 10868679642713052915

672 FishyPogo the Insei (level 7, 0/58 HPs)
             Began as a Gnoll Transmuter on Aug 13, 2023.
             Was a Believer of Okawaru.
             Slain by Pikel
             ... wielding a +2 whip of flaming
              (1 damage)
             ... on level 6 of the Dungeon.
             The game lasted 00:15:41 (3641 turns).

FishyPogo the Insei (Gnoll Transmuter)              Turns: 3641, Time: 00:15:41

Health: 0/58       AC:  4    Str:  9    XL:     7   Next: 59%
Magic:  15/15      EV: 14    Int: 14    God:    Okawaru [**....]
Gold:   194        SH:  0    Dex: 13    Spells: 8/17 levels left

rFire   + . .        r - +4 war axe (vamp)
rCold   . . .        (no shield)
rNeg    . . .        E - +0 robe
rPois   .            (helmet currently unavailable)
rElec   .            w - +0 cloak
rCorr   .            j - +0 pair of gloves "Led Boczu" {Will+}
SInv    .            v - melded +0 pair of boots
Will    +....        (no amulet)
Stlth   ++           l - ring of wizardry
HPRegen 0.29/turn    k - ring of protection from fire
MPRegen 0.14/turn

%: wizardry (x1)
@: appendages, unable to drink
A: horns 2, talons 2, fangs 1, strong nose, distributed training, robust 1,
inability to drink after injury 1
a: End Transformation, Renounce Religion, Heroism


You were on level 6 of the Dungeon.
You worshipped Okawaru.
Okawaru was pleased with you.
You had temporarily grown beastly horns and talons.
You visited 1 branch of the dungeon, and saw 6 of its levels.

You collected 194 gold pieces.

Inventory:

Hand Weapons
 b - a +3 shortbow
 r - a +4 vampiric war axe (weapon)
Missiles
 c - 60 stones
 x - 6 atropa-tipped darts
Armour
 j - the +0 pair of gloves "Led Boczu" (worn) {Will+}
   (You found it on level 2 of the Dungeon)

   Will:      It increases your willpower.
 u - a +1 scale mail
 v - a +0 pair of boots (melded)
 w - a +0 cloak (worn)
 E - a +0 robe (worn)
Magical Staves
 a - the staff of earth "Udaigoas" {Str+7}
   (You found it on level 5 of the Dungeon)

   [staff of earth]

   Base accuracy: +5 Base damage: 5 Base attack delay: 1.2 This weapon's minimum
   attack delay (0.6) is reached at skill level 12.
   Str:       It affects your strength (+7).
   It falls into the 'Staves' category.
   It is a one-handed weapon.
Jewellery
 h - a ring of ice
 k - a ring of protection from fire (right hand)
 l - a ring of wizardry (left hand)
Scrolls
 f - a scroll of enchant armour {unknown}
 n - a scroll of teleportation {unknown}
 q - a scroll of magic mapping
 s - a scroll of vulnerability {unknown}
 y - a scroll of blinking {unknown}
 z - a scroll of immolation {unknown}
 A - a scroll of amnesia {unknown}
 B - a scroll of silence {unknown}
 D - 4 scrolls of identify
Potions
 d - 2 potions of curing
 e - a potion of invisibility {unknown}
 g - a potion of mutation
 i - a potion of heal wounds
 m - 2 potions of degeneration
 o - a potion of flight {unknown}
 p - a potion of berserk rage {unknown}
 t - a potion of lignification
 C - a potion of magic


   Skills:
 + Level 3.8 Fighting
 + Level 2.7 Short Blades
 + Level 2.7 Long Blades
 + Level 2.7 Axes
 + Level 2.7 Maces & Flails
 + Level 2.7 Polearms
 + Level 2.7 Staves
 + Level 2.7 Ranged Weapons
 + Level 2.7 Throwing
 + Level 2.7 Armour
 + Level 5.3 Dodging
 + Level 2.7 Stealth
 + Level 2.7 Shields
 + Level 7.1 Unarmed Combat
 + Level 5.7 Spellcasting
 + Level 2.2 Conjurations
 + Level 2.2 Hexes
 + Level 2.2 Summonings
 + Level 2.2 Necromancy
 + Level 2.2 Translocations
 + Level 4.4 Transmutations
 + Level 2.2 Fire Magic
 + Level 2.2 Ice Magic
 + Level 2.2 Air Magic
 + Level 2.2 Earth Magic
 + Level 2.2 Poison Magic
 + Level 3.0 Invocations
 + Level 2.7 Evocations


You had 8 spell levels left.
You knew the following spells:

 Your Spells              Type           Power      Damage    Failure   Level
a - Beastly Appendage     Tmut           32%        N/A       1%          1
b - Wereblood             Tmut           16%        N/A       1%          2
c - Spider Form           Tmut/Pois      13%        N/A       4%          3
d - Stone Arrow           Conj/Erth      20%        3d8       9%          3

Your spell library contained the following spells:

 Spells                   Type           Power      Damage    Failure   Level
 Sandblast                Erth           20%        2d7       2%          1
 Passwall                 Tmut/Erth      10%        N/A       2%          2
 Ice Form                 Ice/Tmut       13%        N/A       16%         4


Dungeon Overview and Level Annotations

Branches:
Dungeon (6/15)
 Temple: D:4-7

Altars:
Cheibriados
Elyvilon
Okawaru
Vehumet
Xom
Zin

Annotations:
D:6 Pikel


Innate Abilities, Weirdness & Mutations

You have temporarily grown beastly horns and talons.
You have very sharp teeth.
Your uncanny sense of smell can sniff out nearby items.
Your experience applies equally to all skills.
You are robust. (+10% HP)
You occasionally lose the ability to drink potions when taking damage.


Message History

Unknown command.
You hit Pikel.
You feel better.
You punch Pikel, but do no damage.
Pikel is heavily wounded.
Pikel hits you with a +2 whip of flaming. x2
* * * LOW HITPOINT WARNING * * *
Unknown command.
Casting: Wereblood (safe; 1% risk of failure)
Confirm with . or Enter, or press ? or * to list all spells.
You grow a pair of large bovine horns.
Your feet morph into talons.
Your +0 pair of boots melds into your body.
Pikel barely misses you.
You hit Pikel.
You feel better.
You claw Pikel. You headbutt Pikel, but do no damage.
Pikel is severely wounded.
Your primal bloodlust has ended.
Pikel hits you with a +2 whip of flaming!
* * * LOW HITPOINT WARNING * * *
Pikel burns you.
* * * LOW HITPOINT WARNING * * *
You feel much better.
Pikel hits you with a +2 whip of flaming!
* * * LOW HITPOINT WARNING * * *
Pikel burns you.
* * * LOW HITPOINT WARNING * * *
You hit Pikel. You claw Pikel.
Pikel is severely wounded.
Pikel misses you.
Unknown command.
You hit Pikel. Your kick misses Pikel.
Pikel is almost dead.
Pikel hits you with a +2 whip of flaming!
You feel threatened and lose the ability to drink potions!
* * * LOW HITPOINT WARNING * * *
Pikel burns you.
* * * LOW HITPOINT WARNING * * *
Pikel says, "It's all about the gold, really."
Pikel hits you with a +2 whip of flaming.
* * * LOW HITPOINT WARNING * * *
Pikel burns you.
You die...

*,,,**,****,,,* *,*
*,,,,,,,,,,,*** *,*
*,,,,*,***********,***
*,,,**,,,,,,,∆,,,,,,,*
,,****************,*,*
,** ******* *,*,******
,* *,,,,,* *,,,,,,,,* **
**,,,,.##########.##.#**
* *,,,,,.......@K555..)#
* *,****#########5#.####
**+** *...* *,,,* *##.#
*,,,* *.# *,,,* *,#
*,,,* *,* *,,,* *,*
***,,,* *,*


You could see Pikel and 4 lemures.

Vanquished Creatures
  The ghost of AndyM the Shield-Bearer, an amateur MiFi (D:3)
  An ogre (D:5)
  A scorpion (D:4)
  A hound (D:4)
  Crazy Yiuf (D:5)
  An orc priest (D:4)
  A sleepcap (D:5)
  3 iguanas
  An orc wizard (D:4)
  7 adders
  An ufetubus (D:4)
  2 dart slugs
  10 orcs
  9 ball pythons
  3 endoplasms
  A giant cockroach (D:1)
  9 goblins
  14 hobgoblins
  2 jackals (D:2)
  5 quokkas
  5 bats
  4 frilled lizards
  8 kobolds
  8 rats
99 creatures vanquished.

Notes
Turn   | Place    | Note
-------+----------+-------------------------------------------
     0 | D:1      | FishyPogo the Gnoll Transmuter began the quest for the Orb.
     0 | D:1      | Reached XP level 1. HP: 17/17 MP: 6/6
    53 | D:1      | Reached XP level 2. HP: 23/23 MP: 5/7
    56 | D:1      | Learned a level 2 spell: Wereblood
   222 | D:1      | Reached skill level 5 in Spellcasting
   222 | D:1      | Reached XP level 3. HP: 23/28 MP: 6/9
   228 | D:1      | Learned a level 3 spell: Spider Form
   277 | D:1      | Found a faded altar of an unknown god.
   287 | D:1      | Prayed at the altar of an unknown god.
   287 | D:1      | Became a worshipper of Warmaster Okawaru
   287 | D:1      | Reached * piety under Okawaru
   752 | D:2      | Identified the +0 pair of gloves "Led Boczu" {Will+}
   762 | D:2      | Reached skill level 1 in Invocations
   808 | D:2      | Reached skill level 1 in Short Blades
   808 | D:2      | Reached skill level 1 in Long Blades
   808 | D:2      | Reached skill level 1 in Axes
   808 | D:2      | Reached skill level 1 in Maces & Flails
   808 | D:2      | Reached skill level 1 in Polearms
   808 | D:2      | Reached skill level 1 in Staves
   808 | D:2      | Reached skill level 1 in Ranged Weapons
   808 | D:2      | Reached skill level 1 in Throwing
   808 | D:2      | Reached skill level 1 in Armour
   808 | D:2      | Reached skill level 1 in Stealth
   808 | D:2      | Reached skill level 1 in Shields
   808 | D:2      | Reached skill level 1 in Evocations
   894 | D:2      | Reached XP level 4. HP: 34/34 MP: 7/11
   904 | D:2      | Learned a level 3 spell: Stone Arrow
  1213 | D:2      | Reached skill level 1 in Conjurations
  1213 | D:2      | Reached skill level 1 in Hexes
  1213 | D:2      | Reached skill level 1 in Summonings
  1213 | D:2      | Reached skill level 1 in Necromancy
  1213 | D:2      | Reached skill level 1 in Translocations
  1213 | D:2      | Reached skill level 1 in Fire Magic
  1213 | D:2      | Reached skill level 1 in Ice Magic
  1213 | D:2      | Reached skill level 1 in Air Magic
  1213 | D:2      | Reached skill level 1 in Earth Magic
  1213 | D:2      | Reached skill level 1 in Poison Magic
  1627 | D:3      | Found a runed translucent gate.
  1628 | D:3      | Found a runed translucent gate.
  1629 | D:3      | Found a runed translucent gate.
  1633 | D:3      | Noticed AndyM's ghost (amateur MiFi)
  1658 | D:3      | Killed AndyM's ghost
  1658 | D:3      | Reached ** piety under Okawaru
  1659 | D:3      | Reached XP level 5. HP: 13/41 MP: 5/12
  1659 | D:3      | Reached XP level 6. HP: 14/47 MP: 5/14
  1841 | D:3      | Reached skill level 5 in Dodging
  2002 | D:3      | Found a snail-covered altar of Cheibriados.
  2052 | D:3      | Found a radiant altar of Vehumet.
  2067 | D:3      | Found a glowing silver altar of Zin.
  2072 | D:3      | Found a white marble altar of Elyvilon.
  2338 | D:4      | Found an iron altar of Okawaru.
  2339 | D:4      | Found a shimmering altar of Xom.
  3025 | D:4      | Reached XP level 7. HP: 52/52 MP: 15/15
  3035 | D:4      | Reached skill level 7 in Unarmed Combat
  3210 | D:5      | Entered Level 5 of the Dungeon
  3395 | D:5      | Identified the staff of earth "Udaigoas" {Str+7}
  3471 | D:5      | Found a runed translucent door.
  3473 | D:5      | Noticed Crazy Yiuf
  3485 | D:5      | Killed Crazy Yiuf
  3584 | D:6      | Noticed Pikel
  3629 | D:6      | Gained mutation: You occasionally lose the ability to drink
                  | potions when taking damage. [potion of mutation]
  3629 | D:6      | Gained mutation: You are robust. (+10% HP) [potion of
                  | mutation]
  3641 | D:6      | HP: 1/58 [Pikel/+2 whip of flaming (4)]
  3641 | D:6      | Slain by Pikel

Illustrated notes

Levels and vault maps discovered:
D:1:      spicycebolla_green_bress_n_ham, layout_basic,
          shapermc_ecumenical_altar_acropolis
D:2:      layout_loops_ring
D:3:      layout_basic, mainiacjoe_overflow_catwalk,
          minmay_overflow_temple_star_quad, biasface_ghost_orc_armoury,
          grunt_decor_cap
D:4:      layout_gridville, mainiacjoe_overflow_divided_tiny
D:5:      layout_rooms, nrook_uturn, uniq_crazy_yiuf_cottage
D:6:      layout_basic, cheibrodos_sewer_entry_bend, kennysheep_generic_room_3,
          uniq_pikel, uniq_blork_the_orc

Skill      XL: |  1  2  3  4  5  6  7 |
---------------+----------------------+-----
Spellcasting   | 5 |  5.7
Invocations    | 1 2 3 |  3.0
Short Blades   | 1 2 |  2.7
Long Blades    | 1 2 |  2.7
Axes           | 1 2 |  2.7
Maces & Flails | 1 2 |  2.7
Polearms       | 1 2 |  2.7
Staves         | 1 2 |  2.7
Ranged Weapons | 1 2 |  2.7
Throwing       | 1 2 |  2.7
Armour         | 1 2 |  2.7
Stealth        | 1 2 |  2.7
Shields        | 1 2 |  2.7
Evocations     | 1 2 |  2.7
Conjurations   | 1 2 |  2.2
Hexes          | 1 2 |  2.2
Summonings     | 1 2 |  2.2
Necromancy     | 1 2 |  2.2
Translocations | 1 2 |  2.2
Fire Magic     | 1 2 |  2.2
Ice Magic      | 1 2 |  2.2
Air Magic      | 1 2 |  2.2
Earth Magic    | 1 2 |  2.2
Poison Magic   | 1 2 |  2.2
Fighting       | 3 |  3.8
Transmutations | 4 |  4.4
Dodging        | 5 |  5.3
Unarmed Combat | 7 |  7.1

Action                     |  1- 3 |  4- 6 |  7- 9 || total
---------------------------+-------+-------+-------++-------
  Melee: Unarmed           |    72 |   109 |    34 ||   215
         Punch             |     5 |     6 |     2 ||    13
         Kick              |    16 |    28 |    16 ||    60
         Headbutt          |     5 |    15 |    10 ||    30
         Bite              |     6 |     9 |     2 ||    17
         War axe           |       |     5 |     7 ||    12
         Staff             |       |       |    19 ||    19
   Fire: Shortbow          |       |    17 |     7 ||    24
   Cast: Beastly Appendage |    19 |    29 |    10 ||    58
         Wereblood         |     2 |     5 |     3 ||    10
         Spider Form       |       |     1 |     1 ||     2
 Invoke: Heroism           |       |     1 |       ||     1
    Use: Scroll            |       |     3 |     1 ||     4
         Potion            |       |       |     6 ||     6
   Stab: Sleeping          |     1 |       |       ||     1
 Armour: Robe              |    15 |    13 |     6 ||    34
  Dodge: Dodged            |    57 |    78 |    29 ||   164
